 Dungeon Crawl Stone Soup version 0.13-a0-2700-g8dc4729 (webtiles) character file.

203 M4edhros the Charlatan (level 4, -3/29 HPs)
             Began as an Octopode Artificer on Aug 15, 2013.
             Killed from afar by an orc wizard (7 damage)
             ... with a puff of frost
             ... on Level 3 of the Dungeon.
             The game lasted 00:04:42 (1828 turns).

M4edhros the Charlatan (Octopode Artificer)         Turns: 1828, Time: 00:04:42

HP  -3/29        AC  1     Str 10      XL: 4   Next: 61%
MP   8/8         EV 12     Int 15      God:
Gold 110         SH  0     Dex 12      Spells:  0 memorised,  3 levels left

Res.Fire  : . . .   See Invis. : .   q - +0,+1 orc dagger (speed)
Res.Cold  : . . .   Warding    : .   (no shield)
Life Prot.: . . .   Conserve   : .   (helmet restricted)
Res.Poison: .       Res.Corr.  : .   (no amulet)
Res.Elec. : .       Clarity    : .   (no ring)
Sust.Abil.: . .     Spirit.Shd : .   (no ring)
Res.Mut.  : .       Stasis     : .   (no ring)
Res.Rott. : .       Flight     : .   (no ring)
Saprovore : . . .                    (no ring)
                                     (no ring)
                                     (no ring)
                                     (no ring)

@: slightly resistant to hostile enchantments, stealthy
A: almost no armour, amphibious, 8 rings, constrict 8, camouflage 1, AC +1
a: no special abilities


You were on level 3 of the Dungeon.
You were near starving.

You visited 1 branch of the dungeon, and saw 3 of its levels.

You collected 90 gold pieces.

Inventory:

Hand weapons
 a - a +0,+0 short sword
 q - a +0,+1 orcish dagger of speed (weapon)
Magical devices
 b - a wand of flame (11)
 c - a wand of enslavement (8)
 d - a wand of random effects (15)
Comestibles
 f - 4 bread rations
 g - a meat ration
 l - a pear
Scrolls
 j - a scroll of enchant weapon I {unknown}
 n - a scroll of teleportation {unknown}
 r - 2 scrolls of enchant weapon II {unknown}
 s - a scroll of amnesia {unknown}
Jewellery
 e - an uncursed ring of sustenance {unknown}
 h - an uncursed ring of sustenance {unknown}
 p - a cursed ring of hunger {unknown}
 t - an uncursed ring of teleport control {unknown}
Potions
 k - a potion of brilliance {unknown}
 o - a potion of porridge {unknown}


   Skills:
 - Level 1.0 Fighting
 - Level 1.0 Short Blades
 - Level 2.0 Dodging
 - Level 1.3 Stealth
 + Level 6.1 Evocations


You had 3 spell levels left.
You didn't know any spells.

Dungeon Overview and Level Annotations

Branches:
Dungeon (3/27)

Altars:


Innate Abilities, Weirdness & Mutations

You cannot wear most types of armour.
You are amphibious.
You can wear up to eight rings at the same time.
You can use your tentacles to constrict many enemies at once.
Your skin changes colour to match your surroundings (Stlth).
Your rubbery body absorbs attacks (AC +1).


Message History

Your grab misses the orc wizard.
The orc wizard is moderately wounded.
The orc wizard hits you with an orcish war axe!
* * * LOW HITPOINT WARNING * * *
Drink which item? (? for menu, Esc to quit)
Okay, then.
Evoke which item? (* to show all) (? for menu, Esc to quit)
Zapping:
c - a wand of enslavement (10)
Press: ? - help, Shift-Dir - straight line, f - orc wizard
Aim: an orc wizard, wielding an orcish war axe and wearing an orcish leather armour (moderately wounded, moving very quickly)
The orc wizard easily resists.
This wand has 9 charges left.
The orc wizard closely misses you.
Evoke which item? (* to show all) (? for menu, Esc to quit)
Zapping:
c - a wand of enslavement (9)
Press: ? - help, Shift-Dir - straight line, f/p - orc wizard
Aim: an orc wizard, wielding an orcish war axe and wearing an orcish leather armour (moderately wounded, moving very quickly)
The orc wizard resists.
This wand has 8 charges left.
The orc wizard gestures at you while chanting.
The puff of frost hits you!
You die...

# #. #### # #. ###..## .
...#. ..... ..o ......
#..# #.# ######. #%@# #.#
#...### #######o%# #.#
#...# .......%..###.##
#...# ....>..%.##...#
#...### ..............#
#.o...(
........###.%.#####.##...
...................##...
............>...........
.......##############...


You could see an orc wizard.

Vanquished Creatures
  A worm (D:2)
  2 giant geckos (D:1)
  2 orcs (D:3)
  4 giant cockroaches
  5 goblins
  3 hobgoblins
  8 bats
  4 giant newts
  7 kobolds
  9 rats
45 creatures vanquished.

Vanquished Creatures (collateral kills)
  2 orc wizards (D:3)
  4 orcs (D:3)
  A bat (D:3)
  A kobold (D:3)
8 creatures vanquished.

Grand Total: 53 creatures vanquished

Notes
Turn   | Place    | Note
--------------------------------------------------------------
     0 | D:1      | M4edhros, the Octopode Artificer, began the quest for the Orb.
     0 | D:1      | Reached XP level 1. HP: 14/14 MP: 1/1
    98 | D:1      | Reached skill level 4 in Evocations
    98 | D:1      | Reached XP level 2. HP: 6/19 MP: 3/3
   738 | D:2      | Reached XP level 3. HP: 18/24 MP: 5/5
  1031 | D:3      | Reached skill level 5 in Evocations
  1799 | D:3      | Reached XP level 4. HP: 13/29 MP: 7/7
  1804 | D:3      | Reached skill level 6 in Evocations
  1828 | D:3      | Killed from afar by an orc wizard

Action                   |  1- 3 |  4- 6 || total
-------------------------+-------+-------++-------
Melee: Short sword       |    54 |       ||    54
       Dagger            |    55 |     3 ||    58
Evoke: Wand              |     8 |     3 ||    11
  Use: Potion            |       |     1 ||     1
 Stab: Sleeping          |     8 |       ||     8
